AoeStats
← Coleman

Hideout

503490487Analyzed
4v4 RM · 1mo ago on Aug 31, 2026· 17m 37s· 8 players
Game mode
Random Map
Map size
Large (8 player)
Population
200
Speed
Normal
Resources
Standard
Victory
Conquest
Starting age
Dark Age
Ending age
Imperial Age
RankedLock teamsTeams togetherTeam positionsShared explorationLock speedFull tech treeHidden civsTurbo modeCheats
Victory
Defeat
🇺🇸 Britons · United States
793
+10
🇦🇷 Sicilians · Argentina
763
+12
🇲🇽 Franks · Mexico
743
+13
🇨🇴 Khmer · Colombia
653
+17
🇨🇴 Turks · Colombia
747
-16
🇨🇴 Bulgarians · Colombia
672
-13
🇨🇴 Burgundians · Colombia
632
-11
🇨🇴 Wu · Colombia
615
-11
garciagtzcarlos
10:49 Feudal Age
11:22 Double-Bit Axe
18:47 Castle Age
Coleman
4:10 Loom
11:22 Feudal Age
12:40 Wheelbarrow
13:53 Horse Collar
17:09 Padded Archer Armor
16:59 Fletching
santiago.ramirez10
8:18 Loom
17:33 Feudal Age
GodNeftis
3:40 Loom
6:15 Loom
Zaitsev94
7:03 Loom
12:25 Feudal Age
Oficial Durruti.
11:55 Feudal Age
16:47 Loom
Dupin6341
1:24 Loom
15:02 Feudal Age
Pedrito9909018
10:38 Feudal Age
Connection lost

Rejoining the realm…

Still unreachable

The connection could not be restored.

Session expired

The server has moved on; the page needs a fresh start.